 Dungeon Crawl Stone Soup version 0.31-a0-441-g867994ef1c (webtiles) character file.

Game seed: 6133082754144587927

35427 Maxmaps the Blocker (level 13, -15/76 (89) HPs)
             Began as an Octopode Shapeshifter on Aug 2, 2023.
             Was an Initiate of Gozag.
             Killed from afar by Josephine (23 damage)
             ... with a ghostly fireball
             ... on level 4 of the Lair of Beasts.
             The game lasted 00:30:43 (19980 turns).

Maxmaps the Blocker (Octopode Shapeshifter)        Turns: 19980, Time: 00:30:45

HP:   -15/76 (89)   AC:  1    Str: 15    XL:     13   Next: 83%
MP:   13/13         EV: 24    Int: 18    God:    Gozag
Gold: 1131          SH: 21    Dex: 27    Spells: 12/12 levels left

rFire   . . .        j - +3 dagger (venom)
rCold   . . .        H - +0 tower shield
rNeg    . . .        (helmet currently unavailable)
rPois   +            (no amulet)
rElec   .            e - +5 ring of evasion
rCorr   +            n - ring of poison resistance
SInv    +            E - +6 ring of dexterity
Will    .....        x - ring of resist corrosion
Stlth   ++++++       t - ring "Yrij" {*Corrode Dex+6 SInv}
HPRegen 0.32/turn    K - +6 ring of intelligence
MPRegen 0.13/turn    (no ring)
                     (no ring)

%: corrode self (3%)
@: beast-form, hasted and slowed, heavily drained
A: beast (slay +6), almost no armour, amphibious, 8 rings, camouflage 1,
gelatinous body 1, (nimble swimmer 1), tentacles
a: Begin Untransformation, Renounce Religion, Potion Petition, Call Merchant,
Bribe Branch


You were on level 4 of the Lair of Beasts.
You worshipped Gozag.
Gozag was most pleased with you.
You were a hulking beast.
You visited 2 branches of the dungeon, and saw 18 of its levels.
You also visited: Ossuary and Gauntlet.

You collected 4110 gold pieces.
You spent 42 gold pieces at shops.
You paid 2937 gold pieces to Gozag.

Inventory:

Hand Weapons
 h - a +6 mace
 j - a +3 dagger of venom (weapon)
Missiles
 y - 2 throwing nets
 G - 7 silver javelins
Armour
 H - a +0 tower shield (worn)
Magical Staves
 I - a staff of conjuration
Jewellery
 e - a +5 ring of evasion (left tentacle)
 n - a ring of poison resistance (right tentacle)
 t - the ring "Yrij" (on tentacle) {*Corrode Dex+6 SInv}
   (You found it on level 3 of the Dungeon)

   [ring of see invisible]

   Dex:       It affects your dexterity (+6).
   SInv:      It lets you see invisible.
   *Corrode:  It may corrode you when you take damage.
 x - a ring of resist corrosion (on tentacle)
 E - a +6 ring of dexterity (on tentacle)
 K - a +6 ring of intelligence (on tentacle)
Talismans
 b - a beast talisman (active)
 q - a blade talisman
Wands
 m - a wand of flame (29)
 r - a wand of polymorph (17)
 s - a wand of mindburst (18)
 z - a wand of roots (20)
 D - a wand of digging (6)
Scrolls
 a - 3 scrolls of enchant weapon
 d - 7 scrolls of enchant armour
 f - a scroll of brand weapon
 i - a scroll of noise
 l - 2 scrolls of fog
 o - a scroll of vulnerability
 v - 5 scrolls of amnesia
 w - 2 scrolls of summoning
 A - 2 scrolls of identify
 B - 2 scrolls of poison
Potions
 c - 5 potions of enlightenment
 g - 6 potions of mutation
 k - 6 potions of magic
 p - a potion of haste
 u - 11 potions of curing
 F - a potion of resistance
 J - 3 potions of brilliance


   Skills:
 - Level 8.3 Fighting
 - Level 3.0 Short Blades
 - Level 9.0 Dodging
 - Level 10.1 Stealth
 - Level 12.4 Shields
 - Level 5.1 Unarmed Combat
 - Level 9.1 Evocations
 + Level 9.6 Shapeshifting


You had 12 spell levels left.
You didn't know any spells.
Your spell library contained the following spells:

 Spells                   Type           Power      Damage    Failure   Level
 Freeze                   Ice            0%         1d3       71%         1
 Magic Dart               Conj           0%         1d3       71%         1
 Shock                    Conj/Air       0%         1d3       71%         1
 Sting                    Tmut/Pois      0%         1d3       71%         1
 Call Imp                 Summ           0%         N/A       85%         2
 Ensorcelled Hibernation  Hex/Ice        0%         N/A       85%         2
 Passwall                 Tmut/Erth      0%         N/A       85%         2
 Poisonous Vapours        Pois/Air       0%         N/A       85%         2
 Sublimation of Blood     Necr           0%         N/A       85%         2
 Wereblood                Tmut           0%         N/A       85%         2
 Frozen Ramparts          Ice            0%         1d1       97%         3
 Hailstorm                Conj/Ice       0%         3d3       97%         3
 Mephitic Cloud           Conj/Pois/Air  0%         N/A       97%         3
 Swiftness                Air            0%         N/A       97%         3
 Airstrike                Air            0%         2d(0-16)  100%        4
 Olgreb's Toxic Radiance  Pois           0%         N/A       100%        4
 Passage of Golubria      Tloc           0%         N/A       100%        4
 Petrify                  Tmut/Erth      0%         N/A       100%        4
 Alistair's Intoxication  Tmut/Pois      0%         N/A       100%        5
 Borgnjor's Vile Clutch   Necr/Erth      0%         N/A       100%        5
 Metabolic Englaciation   Hex/Ice        0%         N/A       100%        5
 Silence                  Hex/Air        0%         N/A       100%        5
 Eringya's Noxious Bog    Tmut/Pois      0%         4d6       100%        6
 Summon Hydra             Summ           0%         N/A       100%        7
 Lehudib's Crystal Spear  Conj/Erth      0%         10d2      100%        8


Dungeon Overview and Level Annotations

Branches:
Dungeon (14/15)            Temple (0/1) D:6            Lair (4/5) D:9
  Swamp (0/4) Lair:3       Spider (0/4) Lair:3          Orc (0/2) D:11
Ossuary (visited)         Gauntlet (visited)
  Slime: Lair:4-5    Vaults: D:13-14

Altars:
Ashenzari
Dithmenos
Elyvilon
Fedhas
Gozag
Hepliaklqana
Kikubaaqudgha
Okawaru
Ru
Uskayaw
Vehumet
Wu Jian
Yredelemnul
The Shining One

Shops:
D:3 [   D:4 !   D:10 [[([

Annotations:
D:12 Rupert
Lair:3 exclusions: electric eel and 3 more exclusions
Lair:4 Josephine


Innate Abilities, Weirdness & Mutations

You are a hulking beast.
Your limbs bulge with bestial killing power. (Slay +6)
You cannot wear most types of armour.
You are amphibious.
You can wear up to eight rings at the same time.
Your skin changes colour to match your surroundings (Stealth+).
Your rubbery body absorbs attacks. (AC +1, EV +1)
((You are camouflaged when in or above water. (Stealth+)))
You have tentacles for arms and can constrict up to eight enemies at once.


Message History

You constrict the hell rat. The hell rat completely misses you.
The wraith is distracted by your dazzling golden aura.
You puncture the hell rat!
You kill the hell rat!
The wraith is no longer distracted by gold.
Josephine gestures at you while chanting.
The ghostly flame explodes!
The ghostly fireball engulfs you!!
You feel drained.
The wraith is distracted by your dazzling golden aura. x2
You hit the wraith but do no damage. You squeeze the wraith.
The wraith is lightly damaged.
The wraith is no longer distracted by gold.
Josephine is distracted by your dazzling golden aura.
The wraith hits you! The wraith drains your vigour!
You feel yourself slow down.
Josephine shouts!
You feel yourself speed up.
A wyvern comes into view.
The wraith hits you! The wraith drains your vigour!
You feel as though you will be slow longer.
The wraith is distracted by your dazzling golden aura.
The wraith is no longer distracted by gold.
The wyvern hisses menacingly.
The wraith completely misses you. The wraith attacks as you move away!
You block the wraith's attack.
Josephine is no longer distracted by gold.
The wraith attacks as you move away! You block the wraith's attack.
The wraith attacks as you move away! The wraith closely misses you.
Something bites the plant!
The plant begins to die.
Josephine points at you and mumbles some strange words.
The ghostly flame explodes!
The ghostly fireball engulfs you!!
You feel drained.
* * * LOW HITPOINT WARNING * * *
The wraith attacks as you move away! You block the wraith's attack.
Something bites the plant!
Josephine points at you and mumbles some strange words.
The ghostly flame explodes!
The ghostly fireball engulfs you!!
You feel drained.
You die...
Your body crumbles into a pile of gold.

......#.....##.....P#...#
......##.....#..........#
........>...........P..##
..[...##.....PP........^#
..##..#......P..........#
#.....#P.....######....##
.... ........###.###P..#
..... .................#
................h.W....#
.... ......?..........#
.... .................#
#.#. .................##
..# ##......#.##..##@P#
... #.......###..##..##
.#. ##.......#.#.W##.##
#......###....#@.#
..........#....$.##


You could see Josephine and 2 wraiths.

Vanquished Creatures
  Nessos (D:12)
  A minotaur (Gauntlet)
  A two-headed ogre (D:7)
  A centaur warrior (D:14)
  Urug (Lair:2)
  A skyshark (Lair:3)
  2 manticores
  5 cyclopes
  4 elephants (Lair:4)
  2 cane toads
  A torpor snail (Gauntlet)
  An unseen horror (D:11)
  Maggie (D:10)
  2 rime drakes
  A minotaur zombie (Gauntlet)
  7 komodo dragons
  A meliai (Lair:3)
  2 polar bears
  4 trolls
  4 blink frogs
  A slime creature (D:12)
  A ynoxinul (Gauntlet)
  Sigmund (D:3)
  2 wraiths
  7 shadows
  5 wyverns (D:9)
  50 yaks
  4 basilisks
  2 steam dragons
  12 vampire mosquitoes
  3 acid dragons
  Edmund (D:6)
  17 water moccasins
  3 orc warriors
  2 sky beasts
  2 ice beasts
  5 black bears
  14 wolves
  An ogre (D:5)
  A phantom (D:5)
  7 centaurs
  15 bullfrogs
  A scorpion (D:6)
  19 wights
  7 killer bees
  5 howler monkeys
  4 hounds
  A jelly (D:7)
  10 orc priests
  3 gnoll boudas
  5 iguanas
  2 iron imps (Gauntlet)
  A sleepcap (D:5)
  18 orc wizards
  6 hell rats (Lair:4)
  4 mummies
  Robin (D:2)
  13 gnolls
  7 adders
  4 shadow imps
  2 white imps
  An ufetubus (D:7)
  4 worms
  3 dart slugs
  60 orcs
  6 endoplasms
  4 giant cockroaches
  22 goblins
  21 hobgoblins
  6 jackals (D:1)
  7 kobolds
  A quokka (D:3)
  10 ball pythons
  11 bats
  3 frilled lizards
  2 goblin zombies (Ossuary)
  6 hobgoblin zombies
  3 kobold zombies (Ossuary)
  2 orc zombies
  4 rats
  2 butterflies (Lair:1)
490 creatures vanquished.

Vanquished Creatures (others)
  An iron imp (Gauntlet)
1 creature vanquished.

Grand Total: 491 creatures vanquished

Notes
Turn   | Place    | Note
-------+----------+-------------------------------------------
     0 | D:1      | Maxmaps the Octopode Shapeshifter began the quest for the
                  | Orb.
     0 | D:1      | Reached XP level 1. HP: 13/13 MP: 1/1
   102 | D:1      | Reached XP level 2. HP: 17/19 MP: 2/2
   559 | D:1      | Reached XP level 3. HP: 25/25 MP: 3/3
   838 | D:1      | Reached skill level 1 in Stealth
  1306 | D:2      | Reached XP level 4. HP: 31/31 MP: 4/4
  1483 | D:2      | Reached skill level 1 in Short Blades
  1495 | D:2      | Noticed Robin
  1521 | D:2      | Killed Robin
  1522 | D:2      | Reached XP level 5. HP: 20/36 MP: 5/5
  2234 | D:3      | Found Xunuv's Armour Shoppe.
  2455 | D:3      | Found an ancient bone altar of Kikubaaqudgha.
  2512 | D:3      | Found a sacrificial altar of Ru.
  2517 | D:3      | Noticed Sigmund
  2525 | D:3      | Killed Sigmund
  2526 | D:3      | Reached skill level 3 in Shields
  2526 | D:3      | Reached XP level 6. HP: 39/42 MP: 6/6
  2615 | D:3      | Found a basalt altar of Yredelemnul.
  2617 | D:3      | Noticed a profane servitor
  2629 | D:3      | Found a glowing golden altar of the Shining One.
  2632 | D:3      | Noticed an angel
  2906 | D:3      | Found a faded altar of an unknown god.
  2910 | D:3      | Found an opulent altar of Gozag.
  2915 | D:3      | Identified the ring "Yrij" {*Corrode Dex+6 SInv}
  2986 | D:4      | Reached skill level 4 in Shields
  3068 | D:4      | Found Iniac's Distillery.
  3075 | D:4      | Bought a potion of curing for 42 gold pieces
  3167 | D:4      | Found a broken altar of Ashenzari.
  3188 | D:4      | Found a sand-covered staircase.
  3196 | Ossuary  | Entered an ossuary
  3196 | Ossuary  | Noticed a wraith
  3196 | Ossuary  | Noticed a wraith
  3196 | Ossuary  | Noticed a wraith
  3224 | Ossuary  | Reached XP level 7. HP: 46/46 MP: 7/7
  3325 | Ossuary  | Noticed a wraith
  3334 | Ossuary  | Killed a wraith
  3335 | Ossuary  | Reached skill level 5 in Shields
  3803 | D:4      | Reached skill level 6 in Shields
  4362 | D:5      | Entered Level 5 of the Dungeon
  4412 | D:5      | Found a radiant altar of Vehumet.
  4523 | D:5      | Reached XP level 8. HP: 42/52 MP: 8/8
  4611 | D:5      | Reached skill level 7 in Shields
  5156 | D:5      | Found an ornate altar of the Wu Jian Council.
  5163 | D:5      | Found a blossoming altar of Fedhas.
  5225 | D:6      | Found a staircase to the Ecumenical Temple.
  5230 | D:6      | Reached skill level 5 in Dodging
  5421 | D:3      | Became a worshipper of Gozag Ym Sagoz the Greedy
  5678 | D:6      | Noticed Edmund
  5688 | D:6      | Killed Edmund
  5689 | D:6      | Reached XP level 9. HP: 56/56 MP: 9/9
  5792 | D:6      | Identified the +2 quarterstaff of Slow Death {heavy, Str+2}
  5818 | D:6      | Found a shadowy altar of Dithmenos.
  6120 | D:6      | Noticed a troll
  6157 | D:6      | HP: 1/84 [troll (11)]
  6158 | D:6      | Killed a troll
  6366 | D:6      | Identified the +9 orcbow of Peace {freeze, Str+5}
  6415 | D:6      | Found a hazy altar of Hepliaklqana.
  6569 | D:6      | Found an iron altar of Okawaru.
  6703 | D:7      | Noticed a two-headed ogre
  7136 | D:7      | Reached skill level 5 in Fighting
  7138 | D:7      | Killed a two-headed ogre
  7139 | D:7      | Reached XP level 10. HP: 71/71 MP: 10/10
  8625 | D:8      | Noticed a two-headed ogre
  8870 | D:8      | Reached skill level 5 in Shapeshifting
  9036 | D:8      | Found a white marble altar of Elyvilon.
  9758 | D:9      | Reached XP level 11. HP: 38/77 MP: 11/11
  9945 | D:9      | Found a staircase to the Lair.
 10677 | D:10     | Entered Level 10 of the Dungeon
 10677 | D:10     | Noticed Maggie
 10677 | D:10     | Noticed a manticore
 10990 | D:10     | Killed Maggie
 11484 | D:10     | Killed a manticore
 11485 | D:10     | Reached skill level 5 in Stealth
 12175 | D:10     | Found Koffam's Antique Armour Shoppe.
 12470 | D:11     | Found a staircase to the Orcish Mines.
 12643 | D:11     | You fall into a shaft and drop 3 floors!
 12644 | D:14     | Noticed a centaur warrior
 12649 | D:14     | Killed a centaur warrior
 12651 | D:14     | Noticed a green ugly thing
 12653 | D:14     | Noticed a green ugly thing
 12708 | D:13     | Noticed a red ugly thing
 12722 | D:13     | Noticed a manticore
 12733 | D:13     | Killed a manticore
 12903 | D:13     | Noticed a cyclops
 12907 | D:13     | Killed a cyclops
 12908 | D:13     | Reached skill level 10 in Stealth
 12969 | D:12     | Noticed a cyclops
 12976 | D:12     | Reached XP level 12. HP: 54/84 MP: 12/12
 13130 | D:12     | Noticed Rupert
 13162 | D:12     | Reached skill level 8 in Shields
 13213 | D:12     | Noticed Nessos
 13229 | D:12     | Killed Nessos
 13240 | D:12     | Found a gate leading to a gauntlet.
 13271 | Gauntlet | Entered a Gauntlet
 13271 | Gauntlet | Found a transporter.
 13413 | Gauntlet | Found a transporter.
 13417 | Gauntlet | Found a transporter.
 13425 | Gauntlet | Found a transporter.
 13429 | Gauntlet | Found a transporter.
 13440 | Gauntlet | Found a transporter.
 13441 | Gauntlet | Found a transporter.
 13449 | Gauntlet | Found a transporter.
 13453 | Gauntlet | Found a transporter.
 13464 | Gauntlet | Found a transporter.
 13492 | Gauntlet | Found a transporter.
 13504 | Gauntlet | Found a transporter.
 13508 | Gauntlet | Found a runed translucent door.
 13517 | Gauntlet | Found a transporter.
 13530 | Gauntlet | Found a transporter.
 13646 | Gauntlet | Reached skill level 9 in Shields
 13968 | Gauntlet | Noticed a minotaur
 13986 | Gauntlet | Killed a minotaur
 13987 | Gauntlet | Reached skill level 10 in Shields
 13992 | Gauntlet | Identified the +1 leather armour of Joesiet {rF+ Will+
                  | Dex+3}
 13992 | Gauntlet | Identified the +4 chain mail of the Spider Nest {rCorr}
 14676 | D:11     | Reached skill level 11 in Shields
 15258 | Lair:1   | Entered Level 1 of the Lair of Beasts
 15387 | Lair:1   | Reached skill level 12 in Shields
 15635 | Lair:1   | Reached XP level 13. HP: 75/89 MP: 13/13
 16046 | D:9      | Reached skill level 5 in Unarmed Combat
 16159 | D:9      | Reached skill level 1 in Evocations
 17293 | Lair:2   | Reached skill level 5 in Evocations
 17293 | Lair:2   | Noticed Urug
 17326 | Lair:2   | Killed Urug
 17855 | Lair:3   | Found a hide-covered altar of Uskayaw.
 18107 | Lair:3   | Found a staircase to the Swamp.
 18256 | Lair:3   | Found a hole to the Spider Nest.
 19931 | Lair:4   | Noticed Josephine
 19980 | Lair:4   | Killed from afar by Josephine

Illustrated notes

Levels and vault maps discovered:
D:1:      psy_arrival_wood_between_worlds, layout_basic
D:2:      kennysheep_the_goblin_king, layout_basic, nicolae_elevator_lobby_plus,
          uniq_robin
D:3:      layout_basic, grunt_temple_overflow_holy_war,
          nicolae_overflow_ecumenical_swirl,
          nicolae_ru_great_annihilating_truth, lemuel_doored_altar,
          serial_shops, nicolae_diamond_shop, glass_columns_a, uniq_sigmund
D:4:      layout_basic, ashenzari_altar_1, serial_shops, shop,
          nicolae_ossuary_entry_giza, chequers_garden
D:5:      layout_gridville, mainiacjoe_overflow_big_doors,
          mainiacjoe_overflow_24_doors, nicolae_underground_beach
D:6:      minmay_cornered_nines, layout_basic, mainiacjoe_overflow_brackets,
          lemuel_round_altar, overflow_temple_1_default,
          minmay_temple_entry_statues_fountains, uniq_edmund
D:7:      layout_basic, dk_noncrumbling_3
D:8:      layout_layer_cave, mainiacjoe_overflow_alcove_2, grunt_potential
D:9:      layout_roguey, minmay_lair_entry_grove
D:10:     layout_long_grid, serial_shops, kennysheep_mini_moat,
          chequers_serial_rivers_marsh, uniq_maggie
D:11:     layout_irregular_city, hiddenorc2_lemuel
D:12:     layout_rooms, gauntlet_entry_generic, uniq_rupert, uniq_nessos
D:13:     layout_rooms, david_vaults_1
D:14:     layout_loops_cross, fountainhead, st_stairs_8, blue_anna_alchemist
Lair:1:   layout_hall_layers, roderic_batcave, grunt_forest_stairs_basic,
          grunt_forest_large_clearings, lemuel_fruit_fields, grunt_megastairs_3
Lair:2:   layout_chaotic_city, st_stairs_9, uniq_urug
Lair:3:   layout_hall_layers, swamp_mist, hellmonk_spider_entry_not_the_bees,
          basic_altar, serial_bayou_ford_a, disabler_island
Lair:4:   layout_regular_city, dpeg_slime_entry_enclosed, uniq_josephine

Skill      XL: |  1  2  3  4  5  6  7  8  9 10 11 12 13 |
---------------+----------------------------------------+-----
Fighting       | 2 3 7 8 |  8.3
Stealth        | 2 3 10 | 10.1
Short Blades   | 2 3 |  3.0
Shields        | 3 4 6 7 12 | 12.4
Dodging        | 7 9 |  9.0
Shapeshifting  | 7 9 |  9.6
Unarmed Combat | 5 |  5.1
Evocations     | 9 |  9.1

Action                     |  1- 3 |  4- 6 |  7- 9 | 10-12 | 13-15 || total
---------------------------+-------+-------+-------+-------+-------++-------
  Melee: Unarmed           |    60 |       |       |       |       ||    60
         Constrict         |    22 |    26 |    38 |   105 |    38 ||   229
         Tentacles         |    16 |    11 |    52 |   218 |   111 ||   408
         Mace              |    10 |    12 |       |       |       ||    22
         Punch             |     1 |     3 |     7 |    24 |    13 ||    48
         Dagger            |       |   103 |   201 |   654 |   289 ||  1247
 Invoke: Potion Petition   |       |       |       |     2 |       ||     2
         Call Merchant     |       |       |       |     1 |     2 ||     3
  Evoke: Wand              |       |       |     8 |     1 |       ||     9
    Use: Scroll            |     1 |     7 |     2 |    19 |     7 ||    36
         Potion            |       |     1 |     2 |    11 |     2 ||    16
   Stab: Sleeping          |     8 |    17 |    15 |    20 |    15 ||    75
         Paralysed         |       |     1 |       |       |       ||     1
         Invisible         |       |     1 |       |       |       ||     1
         Distracted        |       |       |     1 |    11 |     5 ||    17
         Confused          |       |       |       |     1 |       ||     1
 Armour: Skin              |     4 |    18 |    42 |    10 |     5 ||    79
  Dodge: Dodged            |    39 |   100 |    88 |   333 |   175 ||   735
  Block: Kite shield       |       |     8 |    82 |    39 |       ||   129
         Tower shield      |       |       |       |   550 |   319 ||   869

Table legend: (Time is in decaauts)
 A = Elapsed time spent in this place.
 B = Non-inter-level travel time spent in this place.
 C = Inter-level travel time spent in this place.
 D = Time resting spent in this place.
 E = Time spent auto-exploring this place.
 F = Levels seen in this place.
 G = Mean time per level.
                   A        B        C        D        E       F      G
               +--------+--------+--------+--------+--------+-----+--------+
         Total |  20064 |  18705 |   1359 |   3369 |  11423 |  20 | 1003.2 |
       Dungeon |  14838 |  13770 |   1068 |   2407 |   8665 |  14 | 1059.9 |
          Lair |   4057 |   3766 |    291 |    911 |   2013 |   4 | 1014.2 |
       Ossuary |    420 |    420 |      0 |     45 |    284 |   1 |  420.0 |
      Gauntlet |    748 |    748 |      0 |      5 |    461 |   1 |  748.0 |
               +--------+--------+--------+--------+--------+-----+--------+

Top non-repeatable levels by time:
     D:9: 2101 daAuts
    D:10: 1648 daAuts
     D:8: 1636 daAuts
  Lair:3: 1410 daAuts
     D:6: 1398 daAuts
  Lair:1: 1224 daAuts
     D:4: 1147 daAuts
     D:7: 1092 daAuts
     D:1: 1083 daAuts
     D:2: 1010 daAuts
  Lair:2: 959 daAuts
    D:11: 951 daAuts
     D:3: 902 daAuts
     D:5: 830 daAuts
Gauntlet: 748 daAuts
